 Dungeon Crawl Stone Soup version 0.18.1-48-g4cf74bf (webtiles) character file.

72199 jennos the Impaler (level 15, -4/120 HPs)
             Began as a Merfolk Gladiator on July 6, 2016.
             Was the Champion of Makhleb.
             Slain by a large abomination (31 damage)
             ... on level 2 of the Abyss on July 7, 2016.
             The game lasted 01:40:08 (31634 turns).

jennos the Impaler (Merfolk Gladiator)             Turns: 31634, Time: 01:40:09

Health: -4/120     AC:  8    Str: 18      XL:     15   Next: 39%
Magic:  25/25      EV: 19    Int:  7      God:    Makhleb [******]
Gold:   1979       SH:  0    Dex: 16 (17) Spells: 4 memorised, 20 levels left

rFire  . . .     SeeInvis .     I - +2 trident (freeze)
rCold  . . .     Gourm    .     K - +1 ring mail
rNeg   . . .     Faith    .     (no shield)
rPois  .         Spirit   .     F - +2 helmet
rElec  .         Dismiss  .     y - +0 cloak
rCorr  .         Reflect  .     k - +0 pair of gloves
SustAt .         Harm     .     N - +0 pair of boots
MR     +....     Rnd*Tele +     h - amulet of regeneration
Stlth  +.........               B - +1 ring of slaying
                                r - +2 ring of strength

@: corroded, drained, somewhat resistant to hostile enchantments, very
unstealthy
A: change form in water, swift swim, clumsy 2, deterioration 2, high mp 1, low
mp 2, screaming 2, slow regeneration 2, teleportitis 2, no device heal 2,
MP-powered wands
a: Minor Destruction, Lesser Servant of Makhleb, Major Destruction, Greater
Servant of Makhleb, Renounce Religion


You were on level 2 of the Abyss.
You worshipped Makhleb.
Makhleb was exalted by your worship.
You were not hungry.

You visited 4 branches of the dungeon, and saw 23 of its levels.
You visited the Abyss 1 time.

You collected 1979 gold pieces.

Inventory:

Hand Weapons
 j - a +1 trident of protection
 I - a +2 trident of freezing (weapon)
Missiles
 a - 5 javelins of returning
 d - 9 throwing nets (quivered)
Armour
 k - a +0 pair of gloves (worn)
 y - a +0 cloak (worn)
 E - a troll hide
 F - a +2 helmet (worn)
 K - a +1 ring mail (worn)
 N - a +0 pair of boots (worn)
Jewellery
 h - an amulet of regeneration (around neck)
 r - a +2 ring of strength (left hand)
 t - the ring "Mejoadul" {+Fly MR- Int+2 SInv}
   (You took it off a red devil on level 8 of the Lair of Beasts)

   [ring of intelligence]

   It affects your intelligence (+2).
   It affects your resistance to hostile enchantments.
   It lets you see invisible.
   It lets you fly.
 B - a +1 ring of slaying (right hand)
 H - an uncursed ring of see invisible
 Q - an uncursed ring of fire
Wands
 e - a wand of acid (5/15)
 g - a wand of confusion (21/48)
 l - a wand of confusion (22/48)
 w - a wand of disintegration (22/24)
 U - a wand of iceblast (0/15)
Scrolls
 m - 4 scrolls of enchant weapon
 s - 10 scrolls of remove curse
 u - a scroll of silence
 v - a scroll of magic mapping
 x - a scroll of teleportation
 M - 3 scrolls of identify
 O - 3 scrolls of recharging
 S - 2 scrolls of fog
 Z - a scroll of amnesia
Potions
 b - a potion of berserk rage
 i - 6 potions of curing
 o - 2 potions of haste
 p - a potion of agility
 q - a potion of ambrosia
 z - 5 potions of flight
 A - a potion of cancellation
 J - 3 potions of brilliance
Books
 c - a book of Enchantments

   Spells                             Type                      Level
   a - Cause Fear                     Hexes                        4
   b - Yara's Violent Unravelling     Hexes/Transmutation          5
   c - Silence                        Hexes/Air                    5
   d - Deflect Missiles               Charms/Air                   6
   e - Haste                          Charms                       6
   f - Discord                        Hexes                        8
Comestibles
 f - 11 bread rations
 n - 10 meat rations
 L - 27 fruits
 R - 8 slices of pizza


   Skills:
 - Level 12.1(11.3) Fighting
 - Level 16.3(15.4) Polearms
 - Level 2.3(1.7) Throwing
 + Level 14.3(13.4) Dodging
 + Level 9.2(8.5) Spellcasting
 + Level 11.3(10.5) Charms
 - Level 4.8(4.1) Poison Magic
 - Level 12.2(11.4) Invocations


You had 20 spell levels left.
You knew the following spells:

 Your Spells              Type           Power        Failure   Level  Hunger
a - Cure Poison           Pois           #.........   12%         2    ##.....
b - Repel Missiles        Chrm/Air       ##....       10%         2    ##.....
c - Swiftness             Chrm/Air       ##......     10%         2    ##.....
d - Haste                 Chrm           ###.....     77%         6    #######


Dungeon Overview and Level Annotations

Branches:
Dungeon (12/15)            Temple (1/1) D:4            Lair (8/8) D:9
 Shoals (0/4) Lair:6       Spider (0/4) Lair:4        Slime (0/6) Lair:7
    Orc (2/2) D:9             Elf (0/3) Orc:2

Altars:
Ashenzari
Cheibriados
Dithmenos
Elyvilon
Fedhas
Gozag
Kikubaaqudgha
Makhleb
Nemelex Xobeh
Okawaru
Pakellas
Qazlal
Ru
Sif Muna
Trog
Vehumet
Xom
Yredelemnul
Zin
The Shining One
Jiyva

Shops:
D:10 :

Portals:
Hell: Lair:8


Innate Abilities, Weirdness & Mutations

You revert to your normal form in water.
You are very nimble and swift while swimming.
You have an increased reservoir of magic (+10% MP).
[You are very clumsy. (Dex -4)]
[Your body often deteriorates upon taking damage.]
[Your magical capacity is very low (-20% MP).]
[You sometimes yell uncontrollably at your foes.]
[You do not regenerate naturally when monsters are visible.]
[You are sometimes teleported next to monsters.]
[Potions and wands are poor at restoring your health.]
[You expend magic power (3 MP) to strengthen your wands.]


Message History

The lich is moderately damaged.
The lich touches you!
* * * LOW HITPOINT WARNING * * *
You feel drained.
* * * LOW HITPOINT WARNING * * *
You hit the lich but do no damage.
The lich is moderately damaged.
The lich barely misses you.
You puncture the lich!
The lich is heavily damaged.
You puncture the lich! You freeze the lich.
The lich is severely damaged.
The lich touches you.
* * * LOW HITPOINT WARNING * * *
You hit the lich but do no damage.
The lich is heavily damaged.
You completely miss the lich.
The lich is heavily damaged.
The lich completely misses you. The large abomination hits you!!
You die...

# .. .## .#.
#..### .. ##
#.#. . ....#
.
###..#.##.#..
# #
#.....#.#..#
.# ....#
#.....*.X#.#.
X ##.#.##.
.#.@L.# # #.
......#
#.#*.# #.#.
.# #
#..#.....# .
#.#..
##....###...
#..# .
..#....# ...
# ... .
.#.#...# . #.
# #.....##..
.. . .... ###
..#.. ..#. ..
#... .##


You could see a lich, 2 wretched stars and a large abomination.

Vanquished Creatures
  Gastronok (D:9)
  A dire elephant (Lair:7)
  8 hydras
  A death knight (Abyss:2)
  A centaur warrior (D:10)
  7 death yaks
  The ghost of kobby the Blocker, a novice HuFi of Okawaru (D:10)
  A sun demon (Lair:8)
  A lindwurm (Lair:8)
  A wizard (Lair:8)
  3 hill giants (D:10)
  The ghost of pedritolo the Nimble, a novice SpWr of Ashenzari (Lair:7)
  An orc sorcerer (Orc:1)
  3 griffons
  A cyclops (Orc:1)
  A sixfirhy (Lair:8)
  A smoke demon (Lair:8)
  16 spiny frogs
  14 elephants
  6 black mambas
  3 orange demons (Lair:8)
  A torpor snail (Lair:4)
  5 komodo dragons
  7 rime drakes
  An ice devil (Lair:8)
  An ancient zyme (Abyss:2)
  5 trolls
  4 red devils (Lair:8)
  2 jumping spiders (Lair:4)
  A two-headed ogre (D:10)
  A polar bear (Lair:8)
  24 blink frogs
  The ghost of gigapuddisalt the Shooter, an amateur KoHu of Xom (D:6)
  A redback (Lair:4)
  A wyvern (Lair:2)
  A wraith (D:10)
  A hog (D:10)
  A hungry ghost (D:11)
  3 basilisks
  46 yaks
  A steam dragon (D:10)
  A human (D:10)
  A small abomination (Abyss:2)
  15 hippogriffs
  The ghost of daning the Charmwright, an amateur HESk (D:3)
  A soldier ant (D:8)
  2 wargs (Orc:1)
  2 hell hounds (Lair:8)
  28 water moccasins
  13 porcupines
  15 orc warriors
  4 sky beasts
  A phantom (D:7)
  A necrophage (D:5)
  4 ice beasts
  3 black bears
  A wasp (D:7)
  9 ogres
  31 wolves
  8 centaurs
  9 crocodiles
  15 giant frogs
  A wyvern zombie (D:9)
  6 killer bees
  8 wights
  2 electric eels (Lair:6)
  5 howler monkeys
  6 crimson imps
  A centaur zombie (D:6)
  4 hounds
  10 orc priests
  5 jellies
  3 gnoll shamans
  10 iguanas
  4 giant frog skeletons
  16 orc wizards
  Crazy Yiuf (D:3)
  9 worker ants
  11 sheep
  A hound zombie (D:9)
  A mummy (D:6)
  A howler monkey zombie (D:9)
  A worker ant zombie (D:5)
  26 gnolls
  80 river rats
  22 adders
  A shadow imp (D:9)
  An ufetubus (Abyss:2)
  An adder zombie (D:8)
  An adder skeleton (D:5)
  2 dart slugs
  5 giant geckos
  54 orcs
  6 bats
  5 giant cockroaches
  9 goblins
  5 hobgoblins
  8 jackals
  2 quokkas
  A ball python (D:1)
  A giant gecko zombie (D:9)
  4 giant newts
  7 kobolds
  6 rats
  A butterfly (Lair:7)
  A fungus (Lair:8)
701 creatures vanquished.

Vanquished Creatures (collateral kills)
  An orc warlord (D:9)
  A catoblepas (Lair:8)
  A boulder beetle (Lair:8)
  2 crocodiles (Lair:8)
  A giant frog (D:10)
  A crimson imp (D:10)
  A centaur zombie (D:10)
  A centaur skeleton (D:9)
  2 orcs
  A fungus (Lair:8)
12 creatures vanquished.

Vanquished Creatures (others)
  2 orcs (Orc:1)
  41 fungi
  63 plants
106 creatures vanquished.

Grand Total: 819 creatures vanquished

Notes
Turn   | Place    | Note
--------------------------------------------------------------
     0 | D:1      | jennos the Merfolk Gladiator began the quest for the Orb.
     0 | D:1      | Reached XP level 1. HP: 16/16 MP: 1/1
    65 | D:1      | Reached skill level 5 in Polearms
    65 | D:1      | Reached XP level 2. HP: 22/22 MP: 2/2
   756 | D:2      | Reached skill level 6 in Polearms
   756 | D:2      | Reached XP level 3. HP: 13/27 MP: 3/3
  1495 | D:2      | Reached skill level 7 in Polearms
  1495 | D:2      | Reached XP level 4. HP: 29/33 MP: 4/4
  1701 | D:2      | Found a stormy altar of Qazlal.
  1881 | D:3      | Found a sacrificial altar of Ru.
  1919 | D:3      | Noticed daning's ghost (amateur HESk)
  1932 | D:3      | Killed daning's ghost
  1932 | D:3      | Reached skill level 9 in Polearms
  1932 | D:3      | Reached XP level 5. HP: 19/38 MP: 5/5
  2684 | D:3      | Noticed Crazy Yiuf
  2689 | D:3      | Killed Crazy Yiuf
  2689 | D:3      | Reached XP level 6. HP: 20/44 MP: 6/6
  3648 | D:4      | Found an iron altar of Okawaru.
  3721 | D:3      | Reached skill level 10 in Polearms
  3849 | D:4      | Found a staircase to the Ecumenical Temple.
  3854 | Temple   | Entered the Ecumenical Temple
  3888 | Temple   | Became a worshipper of Makhleb the Destroyer
  4089 | D:4      | Found a radiant altar of Vehumet.
  4098 | D:4      | Found an ancient bone altar of Kikubaaqudgha.
  4099 | D:4      | Found a deep blue altar of Sif Muna.
  4105 | D:4      | Identified Kikubaaqudgha's Compendium of Evil (You found it on level 4 of the Dungeon)
  4156 | D:4      | Reached XP level 7. HP: 21/50 MP: 7/7
  4749 | D:5      | Entered Level 5 of the Dungeon
  4768 | D:5      | Reached skill level 11 in Polearms
  5362 | D:5      | Reached skill level 12 in Polearms
  5792 | D:5      | Reached skill level 5 in Dodging
  5944 | D:5      | Reached XP level 8. HP: 56/57 MP: 8/8
  6028 | D:5      | Found an oddly glowing altar of Pakellas.
  6427 | D:6      | HP: 2/58 [giant frog skeleton (4)]
  6749 | D:6      | Reached * piety under Makhleb
  7054 | D:6      | Found a shimmering altar of Xom.
  7148 | D:6      | Noticed gigapuddisalt's ghost (amateur KoHu)
  7204 | D:6      | Killed gigapuddisalt's ghost
  7204 | D:6      | Reached skill level 5 in Fighting
  7204 | D:6      | Reached XP level 9. HP: 30/68 MP: 9/9
  7732 | D:6      | Found a snail-covered altar of Cheibriados.
  7755 | D:6      | Reached skill level 10 in Dodging
  8749 | D:7      | Reached ** piety under Makhleb
  9217 | D:8      | Found a white marble altar of Elyvilon.
  9265 | D:8      | Found a sparkling altar of Nemelex Xobeh.
  9818 | D:8      | You fall through a shaft for 3 floors!
  9828 | D:11     | Reached skill level 1 in Invocations
  9828 | D:11     | Reached XP level 10. HP: 79/79 MP: 10/10
 10034 | D:10     | Entered Level 10 of the Dungeon
 10061 | D:10     | Reached *** piety under Makhleb
 10811 | D:9      | Noticed Gastronok
 11155 | D:9      | Found a staircase to the Orcish Mines.
 11166 | D:9      | Reached skill level 5 in Invocations
 11177 | D:9      | Found a shattered altar of Ashenzari.
 11220 | D:9      | Found a staircase to the Lair.
 11244 | D:9      | Reached **** piety under Makhleb
 11315 | D:9      | Killed Gastronok
 11315 | D:9      | Reached skill level 10 in Fighting
 11315 | D:9      | Reached XP level 11. HP: 53/91 MP: 14/16
 11494 | D:9      | Found an opulent altar of Gozag.
 11829 | D:10     | Noticed kobby's ghost (novice HuFi)
 11872 | D:10     | Killed kobby's ghost
 12388 | D:10     | Noticed a hill giant
 12398 | D:10     | Killed a hill giant
 12822 | D:10     | Found Kooblec's Book Emporium.
 12863 | D:10     | Reached ***** piety under Makhleb
 12872 | D:10     | Noticed a hill giant
 12889 | D:10     | Killed a hill giant
 12991 | D:10     | Noticed a centaur warrior
 13059 | D:10     | HP: 1/95 [centaur warrior (13)]
 13064 | D:10     | Killed a centaur warrior
 13529 | D:10     | Noticed a hill giant
 13542 | D:10     | Killed a hill giant
 13690 | D:10     | Reached skill level 10 in Invocations
 13946 | D:11     | Reached skill level 1 in Spellcasting
 13946 | D:11     | Reached XP level 12. HP: 99/102 MP: 19/19
 14315 | D:12     | Found a deep blue altar of Sif Muna.
 14731 | Lair:1   | Entered Level 1 of the Lair of Beasts
 15010 | Lair:1   | Learned a level 2 spell: Cure Poison
 15179 | Lair:1   | Noticed an eight-headed hydra
 15192 | Lair:1   | Killed an eight-headed hydra
 15192 | Lair:1   | Reached skill level 1 in Poison Magic
 15748 | Lair:1   | Noticed a five-headed hydra
 15765 | Lair:1   | Killed a five-headed hydra
 15765 | Lair:1   | Reached skill level 5 in Spellcasting
 16861 | Lair:1   | Gained mutation: You have an increased reservoir of magic (+10% MP). [potion of beneficial mutation]
 16914 | Lair:2   | Noticed a six-headed hydra
 16951 | Lair:2   | Killed a six-headed hydra
 18174 | Lair:2   | Reached XP level 13. HP: 107/108 MP: 25/25
 19857 | Lair:3   | Reached ****** piety under Makhleb
 19857 | Lair:3   | Reached skill level 13 in Polearms
 20435 | Lair:3   | Learned a level 2 spell: Repel Missiles
 20513 | Lair:4   | Reached skill level 1 in Charms
 20761 | Lair:4   | Learned a level 2 spell: Swiftness
 21363 | Lair:4   | Found a hole to the Spider Nest.
 21842 | Lair:4   | Reached skill level 14 in Polearms
 22482 | Lair:5   | Reached skill level 5 in Charms
 22960 | Lair:5   | Found a glowing silver altar of Zin.
 23627 | Lair:6   | Reached skill level 15 in Polearms
 23739 | Lair:6   | Found a staircase to the Shoals.
 24445 | Lair:7   | Reached XP level 14. HP: 115/115 MP: 26/26
 24861 | Lair:7   | Noticed pedritolo's ghost (novice SpWr)
 24935 | Lair:7   | Killed pedritolo's ghost
 25348 | Lair:6   | Reached skill level 16 in Polearms
 25824 | Lair:7   | Found a viscous altar of Jiyva.
 25824 | Lair:7   | Found a staircase to the Slime Pits.
 26189 | Lair:7   | Learned a level 6 spell: Haste
 26630 | Lair:8   | Entered Level 8 of the Lair of Beasts
 26874 | Lair:8   | Noticed a dire elephant
 27163 | Lair:7   | Killed a dire elephant
 27912 | Lair:8   | Reached skill level 10 in Charms
 28390 | Lair:8   | Reached XP level 15. HP: 109/120 MP: 30/30
 28590 | Lair:8   | Found a burning altar of Makhleb.
 29429 | Lair:8   | Got a coiled platinum ring
 29434 | Lair:8   | Found a gateway to Hell.
 29886 | Orc:1    | Entered Level 1 of the Orcish Mines
 30211 | D:9      | Identified the ring "Mejoadul" {+Fly MR- Int+2 SInv} (You took it off a red devil on level 8 of the Lair of Beasts)
 30326 | Orc:1    | Noticed an orc warlord
 30617 | D:9      | Killed an orc warlord
 31065 | Orc:2    | Entered Level 2 of the Orcish Mines
 31146 | Orc:2    | Found a staircase to the Elven Halls.
 31444 | Orc:2    | Cast into level 2 of the Abyss (orc warrior)
 31607 | Abyss:2  | Noticed a lich
 31634 | Abyss:2  | Slain by a large abomination

Skill      XL: |  1  2  3  4  5  6  7  8  9 10 11 12 13 14 15 |
---------------+----------------------------------------------+-----
Polearms       | 5 6 7 9 10 12 15 16 | 16.3
Dodging        | 5 9 12 13 14 | 14.3
Fighting       | 5 7 10 12 | 12.1
Invocations    | 1 7 10 11 12 | 12.2
Spellcasting   | 1 7 8 9 |  9.2
Poison Magic   | 4 |  4.8
Charms         | 7 10 11 | 11.3
Throwing       | |  2.3

Action                   |  1- 3 |  4- 6 |  7- 9 | 10-12 | 13-15 || total
-------------------------+-------+-------+-------+-------+-------++-------
Melee: Trident           |   105 |   117 |   486 |  1086 |  2177 ||  3971
       Tailslap          |       |       |     2 |     7 |       ||     9
Throw: Throwing net      |       |       |       |     2 |       ||     2
 Cast: Cure Poison       |       |       |       |     6 |     6 ||    12
       Repel Missiles    |       |       |       |       |     1 ||     1
       Swiftness         |       |       |       |       |     3 ||     3
Invok: Lesser Servant of |       |       |       |     1 |     4 ||     5
       Minor Destruction |       |       |       |     8 |     1 ||     9
       Major Destruction |       |       |       |     2 |    19 ||    21
Evoke: Wand              |       |       |       |       |     4 ||     4
  Use: Scroll            |       |    13 |     4 |    11 |    16 ||    44
       Potion            |       |       |     3 |     7 |     5 ||    15
 Stab: Distracted        |       |       |       |       |     8 ||     8
       Sleeping          |       |       |       |       |     1 ||     1
  Eat: Chunk             |       |    10 |    15 |    22 |    39 ||    86
       Beef jerky        |       |       |     2 |     2 |     1 ||     5
       Fruit             |       |       |     1 |     3 |     7 ||    11
       Pizza             |       |       |       |     2 |       ||     2
       Royal jelly       |       |       |       |       |     1 ||     1
Armor: Leather armour    |    14 |    14 |    23 |       |       ||    51
       Ring mail         |       |       |    50 |   152 |   355 ||   557
Dodge: Dodged            |    56 |    39 |   205 |   776 |  1422 ||  2498
       Deflected         |       |       |       |       |     4 ||     4
